 Dungeon Crawl Stone Soup version 0.27.1-34-g3ba077fa99 (webtiles) character file.

Game seed: 15943678199594883233

89 cbfl8 the Sneak (level 4, -3/40 HPs)
             Began as a Minotaur Delver on Jan 30, 2022.
             Slain by a sky beast (6 damage)
             ... on level 5 of the Dungeon.
             The game lasted 00:01:09 (361 turns).

cbfl8 the Sneak (Minotaur Delver)                    Turns: 361, Time: 00:01:09

Health: -3/40      AC:  3    Str: 17    XL:     4   Next: 31%
Magic:  3/3        EV: 12    Int:  7    God:
Gold:   0          SH:  0    Dex: 12    Spells: 3/3 levels left

rFire    . . .     SeeInvis .   a - +0 hand axe
rCold    . . .     Faith    .   (no shield)
rNeg     . . .     Spirit   .   b - +0 leather armour
rPois    .         Reflect  .   (helmet restricted)
rElec    .         Harm     .   (no cloak)
rCorr    .         Rampage  .   (no gloves)
Will     .....                  (no boots)
Stlth    +++.......             (no amulet)
HPRegen  0.13/turn              (no ring)
MPRegen  0.08/turn              (no ring)

@: no status effects
A: horns 2, retaliatory headbutt
a: no special abilities


You were on level 5 of the Dungeon.
You visited 1 branch of the dungeon, and saw 1 of its levels.

Inventory:

Hand Weapons
 a - a +0 hand axe (weapon)
Armour
 b - a +0 leather armour (worn)
Wands
 g - a wand of digging (2)
Scrolls
 c - a scroll of fog
 d - a scroll of magic mapping
 e - a scroll of fear
Potions
 f - a potion of haste


   Skills:
 + Level 4.1 Fighting
 + Level 2.8 Axes
 + Level 0.7 Armour
 + Level 2.5 Dodging
 + Level 5.1 Stealth


You had 3 spell levels left.
You didn't know any spells.
Your spell library was empty.

Dungeon Overview and Level Annotations

Branches:
Dungeon (5/15)
 Temple: D:4-7

Altars:
Kikubaaqudgha


Innate Abilities, Weirdness & Mutations

You have a pair of horns on your head.
You reflexively headbutt those who attack you in melee.


Message History

You hit the human zombie.
You headbutt the human zombie, but do no damage.
The human zombie is lightly damaged.
The human zombie closely misses you.
You slash the human zombie!
The human zombie is lightly damaged.
The human zombie closely misses you.
You hit the human zombie. You headbutt the human zombie!
The human zombie is heavily damaged.
The human zombie hits you.
You barely miss the human zombie.
The human zombie is heavily damaged.
The human zombie hits you!
You slash the human zombie!
The human zombie is heavily damaged.
You closely miss the sky beast. You closely miss the sky beast.
You headbutt the sky beast, but do no damage.
The sky beast hits you. The sky beast shocks you.
You hit the sky beast.
The sky beast is lightly wounded.
The sky beast hits you. The sky beast shocks you. The sky beast misses you.
You closely miss the sky beast. You headbutt the sky beast!
The sky beast is heavily wounded.
The sky beast hits you.
* * * LOW HITPOINT WARNING * * *
The sky beast shocks you.
* * * LOW HITPOINT WARNING * * *
You barely miss the sky beast. Your headbutt misses the sky beast.
The sky beast is heavily wounded.
The sky beast barely misses you.
You barely miss the sky beast.
The sky beast is heavily wounded.
The sky beast closely misses you.
You barely miss the sky beast.
The sky beast is heavily wounded.
The sky beast hits you.
* * * LOW HITPOINT WARNING * * *
The sky beast shocks you.
You die...

#..♣♣≈P≈ #..≈≈
######.#♣ #.......#
#.#####.## #.# #..#
#######.# ##.##
##.####....#
#..####
#....ZY@_..#
##.♣P.#
##.####....#
#.≈≈≈## #########
#.≈≈P.# ##≈≈≈.# ##
#.≈..#
#####.###...#
#####......###..#
.##............#...
................#..


You could see a sky beast and a human zombie.

Vanquished Creatures
  A necrophage (D:5)
1 creature vanquished.

Vanquished Creatures (others)
  A human (D:5)
1 creature vanquished.

Grand Total: 2 creatures vanquished

Notes
Turn   | Place    | Note
-------+----------+-------------------------------------------
     0 | D:5      | cbfl8 the Minotaur Delver began the quest for the Orb.
     0 | D:5      | Reached XP level 1. HP: 19/19 MP: 0/0
    38 | D:5      | Noticed a necrophage
    60 | D:5      | Killed a necrophage
    61 | D:5      | Reached skill level 5 in Stealth
    61 | D:5      | Reached XP level 2. HP: 2/27 MP: 1/1
    61 | D:5      | Reached XP level 3. HP: 3/33 MP: 2/2
    61 | D:5      | Reached XP level 4. HP: 4/40 MP: 3/3
   340 | D:5      | Found an ancient bone altar of Kikubaaqudgha.
   341 | D:5      | Noticed a human
   343 | D:5      | Killed a human
   349 | D:5      | Noticed a sky beast
   361 | D:5      | Slain by a sky beast

Illustrated notes

Levels and vault maps discovered:
D:5:      layout_cave_pods, tgw_kikubaaqudgha, serial_bayou,
          serial_bayou_pond_a, serial_bayou_shore_a, serial_bayou_pond_d,
          serial_bayou_ford_a, serial_bayou_pond_e, serial_bayou_lagoon_a,
          kennysheep_small_square

Skill      XL: |  1 |
---------------+----+-----
Fighting       | 4 |  4.1
Stealth        | 5 |  5.1
Axes           | |  2.8
Armour         | |  0.7
Dodging        | |  2.5

Action                   |  1- 3 |  4- 6 || total
-------------------------+-------+-------++-------
Melee: Hand axe          |    18 |    12 ||    30
       Headbutt          |     1 |     4 ||     5
Evoke: Wand              |       |     1 ||     1
Armor: Leather armour    |     4 |       ||     4
Dodge: Dodged            |    10 |     5 ||    15
